 Dungeon Crawl Stone Soup version 0.21-a0-19-g210df22 (webtiles) character file.

78 Kidiri the Magician (level 4, 0/19 HPs)
             Began as a Deep Elf Fire Elementalist on May 24, 2017.
             Killed from afar by an orc wizard (9 damage)
             ... with a magic dart
             ... on level 3 of the Dungeon.
             The game lasted 00:11:00 (1820 turns).

Kidiri the Magician (Deep Elf Fire Elementalist)    Turns: 1820, Time: 00:11:01

Health: 0/19       AC:  4    Str:  5    XL:     4   Next: 15%
Magic:  0/12       EV: 13    Int: 21    God:
Gold:   55         SH:  0    Dex: 15    Spells: 3/12 levels left

rFire    . . .     SeeInvis .   g - +1 dagger
rCold    . . .     Gourm    .   (no shield)
rNeg     . . .     Faith    .   a - +0 robe
rPois    .         Spirit   .   k - +0 helmet
rElec    .         Reflect  .   (no cloak)
rCorr    .         Harm     .   (no gloves)
MR       .....                  (no boots)
Stlth    ++........             n - amulet of inaccuracy (curse)
Regen    0.1/turn               (no ring)
MPRegen  0.2/turn               (no ring)

@: no status effects
A: frail 2, shaggy fur 1
a: no special abilities


You were on level 3 of the Dungeon.
You were hungry.

You visited 1 branch of the dungeon, and saw 3 of its levels.

You collected 55 gold pieces.

Inventory:

Hand Weapons
 g - a +1 dagger (weapon)
Armour
 a - a +0 robe (worn)
 k - a +0 helmet (worn)
Jewellery
 n - a cursed amulet of inaccuracy (around neck)
Wands
 p - a wand of confusion (17/48)
Scrolls
 d - a scroll of amnesia
Potions
 e - a potion of magic
 f - a potion of berserk rage
 i - 2 potions of curing
 l - a potion of heal wounds
 m - a potion of cancellation
 r - a potion of brilliance
Books
 b - a book of Flames

   Spells                             Type                      Level
   a - Flame Tongue                   Conjuration/Fire             1
   b - Throw Flame                    Conjuration/Fire             2
   c - Conjure Flame                  Conjuration/Fire             3
   d - Inner Flame                    Hexes/Fire                   3
   e - Sticky Flame                   Conjuration/Fire             4
   f - Fireball                       Conjuration/Fire             5
Comestibles
 c - a bread ration
 h - 3 royal jellies
 j - a chunk of flesh
 o - 3 meat rations
 s - 2 fruits


   Skills:
 - Level 2.4 Dodging
 - Level 2.4 Stealth
 * Level 4.8 Spellcasting
 + Level 2.2 Conjurations
 + Level 3.9 Fire Magic


You had 3 spell levels left.
You knew the following spells:

 Your Spells              Type           Power        Failure   Level  Hunger
a - Flame Tongue          Conj/Fire      ###..        3%          1    None
b - Throw Flame           Conj/Fire      ###...       4%          2    None
c - Conjure Flame         Conj/Fire      ###.....     9%          3    ##.....
d - Inner Flame           Hex/Fire       ##......     14%         3    ##.....


Dungeon Overview and Level Annotations

Branches:
Dungeon (3/15)

Altars:
Dithmenos
Kikubaaqudgha
Makhleb


Innate Abilities, Weirdness & Mutations

You are very frail. (-20% HP)
You are covered in fur. (AC +1)


Message History

The orc wizard is heavily wounded.
The orc wizard hits you but does no damage.
An orc wizard comes into view. It is wielding a dagger.
You hit the orc wizard but do no damage.
The orc wizard is heavily wounded.
The orc wizard hits you but does no damage.
The orc wizard moves out of view.
You barely miss the orc wizard.
The orc wizard is heavily wounded.
The orc wizard gestures wildly while chanting.
The orc wizard blinks!
Evoke which item? (* to show all) (? for menu, Esc to quit)
Aiming: Confuse
Press: ? - help, Shift-Dir - straight line, f/p - orc wizard
Aim: an orc wizard, wielding a dagger and wearing a robe (heavily wounded, chance to defeat MR: 46%)
The orc wizard resists with some effort.
This wand has 17 charges left.
The orc wizard gestures at you while chanting.
The magic dart hits you!
You die...

## .# o# .#
###ยง#
####.@)#####
#..........#
#..........#
#...o......#
#..........#
#....).....#
###..........#
#............#
.
#............#


You could see 2 orc wizards.

Vanquished Creatures
  An orc wizard (D:3)
  2 worms (D:2)
  A leopard gecko (D:1)
  An orc (D:3)
  A ball python (D:1)
  6 bats
  2 giant cockroaches
  3 goblins
  7 hobgoblins
  5 kobolds
  A quokka (D:2)
  2 frilled lizards
  7 rats
39 creatures vanquished.

Notes
Turn   | Place    | Note
-------+----------+-------------------------------------------
     0 | D:1      | Kidiri the Deep Elf Fire Elementalist began the quest for the Orb.
     0 | D:1      | Reached XP level 1. HP: 10/10 MP: 6/6
   207 | D:1      | Reached XP level 2. HP: 15/15 MP: 1/8
   211 | D:1      | Learned a level 2 spell: Throw Flame
  1038 | D:2      | Reached skill level 4 in Spellcasting
  1184 | D:2      | Reached XP level 3. HP: 19/19 MP: 3/10
  1189 | D:2      | Learned a level 3 spell: Conjure Flame
  1193 | D:2      | Learned a level 3 spell: Inner Flame
  1275 | D:2      | Gained mutation: You are frail. (-10% HP) [potion of mutation]
  1275 | D:2      | Gained mutation: You are very frail. (-20% HP) [potion of mutation]
  1275 | D:2      | Gained mutation: You are covered in fur. (AC +1) [potion of mutation]
  1288 | D:2      | Found a burning altar of Makhleb.
  1290 | D:2      | Found a shadowy altar of Dithmenos.
  1296 | D:2      | Found an ancient bone altar of Kikubaaqudgha.
  1804 | D:3      | Reached XP level 4. HP: 17/19 MP: 3/12
  1820 | D:3      | Killed from afar by an orc wizard

Vault maps used:
D:1:      sevenhm_arrival_forest_fort_large_3
D:2:      gammafunk_temple_overflow_forgotten, kennysheep_generic_room_4

Skill      XL: |  1  2  3 |
---------------+----------+-----
Spellcasting   | 4 |  4.8
Conjurations   | 2 |  2.2
Dodging        | |  2.4
Stealth        | |  2.4
Fire Magic     | |  3.9

Action                   |  1- 3 |  4- 6 || total
-------------------------+-------+-------++-------
Melee: Club              |     1 |       ||     1
       Dagger            |     9 |     5 ||    14
 Cast: Flame Tongue      |    70 |     6 ||    76
Evoke: Wand              |       |     1 ||     1
  Use: Scroll            |    14 |       ||    14
       Potion            |     1 |       ||     1
 Stab: Sleeping          |     4 |       ||     4
  Eat: Chunk             |     2 |       ||     2
Armor: Robe              |     5 |     2 ||     7
Dodge: Dodged            |    32 |     1 ||    33
